 Dungeon Crawl Stone Soup version 0.22-a0-247-gbddf880757 (webtiles) character file.

1052 Peterchen the Cleaver (level 8, -1/64 HPs)
             Began as a Minotaur Berserker on Feb 25, 2018.
             Was an Elder of Trog.
             Blown up by a centaur (6 damage)
             ... with a wand of disintegration (7)
             ... on level 5 of the Dungeon.
             The game lasted 00:10:23 (3025 turns).

Peterchen the Cleaver (Minotaur Berserker)          Turns: 3025, Time: 00:10:24

Health: -1/64      AC:  7    Str: 25      XL:     8   Next: 5%
Magic:  7/7        EV: 14    Int:  4      God:    Trog [****..]
Gold:   227        SH:  0    Dex:  8 (9)  Spells: 7/7 levels left

rFire    . . .     SeeInvis .   t - +0 war axe
rCold    . . .     Gourm    .   (no shield)
rNeg     . . .     Faith    .   p - +0 scale mail
rPois    .         Spirit   .   (helmet restricted)
rElec    .         Reflect  .   (no cloak)
rCorr    .         Harm     .   (no gloves)
MR       .....                  i - +0 pair of boots
Stlth    ..........             (no amulet)
HPRegen  0.20/turn              s - +4 ring of evasion
MPRegen  0.10/turn              (no ring)

@: berserk cooldown, slowed, very slow
A: retaliatory headbutt, horns 2
a: Berserk, Trog's Hand, Brothers in Arms, Renounce Religion


You were on level 5 of the Dungeon.
You worshipped Trog.
Trog was greatly pleased with you.
You were very hungry.

You visited 1 branch of the dungeon, and saw 5 of its levels.

You collected 227 gold pieces.

Inventory:

Hand Weapons
 t - a +0 war axe (weapon)
Armour
 i - a +0 pair of boots (worn)
 p - a +0 scale mail (worn)
Jewellery
 s - a +4 ring of evasion (left hand)
Wands
 w - a wand of digging (10)
Scrolls
 a - 2 scrolls of enchant weapon {unknown}
 b - a scroll of fog
 e - 2 scrolls of random uselessness {unknown}
 j - a scroll of amnesia {unknown}
 k - a scroll of fear {unknown}
 m - a scroll of teleportation {unknown}
 o - 4 scrolls of remove curse
 q - 2 scrolls of noise {unknown}
 r - a scroll of magic mapping {unknown}
Potions
 d - 2 potions of flight {unknown}
 g - a potion of resistance {unknown}
 h - a potion of brilliance {unknown}
 l - 6 potions of curing
 n - 2 potions of haste {unknown}
 u - 2 potions of heal wounds {unknown}
 v - 2 potions of invisibility {unknown}
Comestibles
 c - 12 rations
 f - 3 chunks of flesh


   Skills:
 - Level 3.6 Fighting
 * Level 11.6 Axes
 - Level 2.4 Armour
 - Level 2.1 Dodging


You had 7 spell levels left.
You didn't know any spells.

Dungeon Overview and Level Annotations

Branches:
Dungeon (5/15)
 Temple: D:4-7

Altars:
Fedhas
Ru
Sif Muna
Yredelemnul
Zin
The Shining One

Shops:
D:5 [


Innate Abilities, Weirdness & Mutations

You reflexively headbutt those who attack you in melee.
You have a pair of horns on your head.


Message History

The quasit claws you.
* * * LOW HITPOINT WARNING * * *
You feel clumsy.
You're still recovering from your berserk rage.
You fail to use your ability.
The centaur barely misses you. The quasit completely misses you.
The quasit claws you but does no damage.
The quasit closely misses you. The centaur hits you.
* * * LOW HITPOINT WARNING * * *
The quasit bites you but does no damage.
The quasit barely misses you. The quasit closely misses you.
A hound comes into view.
It was a potion of curing.
You feel better. The centaur hits you.
* * * LOW HITPOINT WARNING * * *
The hound moves out of view.
The centaur hits you.
* * * LOW HITPOINT WARNING * * *
The quasit misses you. x2
The quasit claws you but does no damage.
The centaur zaps a wand.
You are blasted!
You die...

### ##### #.. ....##
##### #.###.... ##...##
#.##.(#.#
#..#..#####.#...#$####.
#.###.....(...(........
#..#..#####.#..@c..###
##...## #.##.5#.##
##.## #.##...... #.#
#.......### #.#
####h#### ##.# ...
#..## ... #.#.## ...
###....###


You could see a centaur, a hound and a quasit.

Vanquished Creatures
  Grinder (D:4)
  An ice beast (D:5)
  2 ogres
  A howler monkey (D:5)
  An orc priest (D:3)
  A centaur skeleton (D:4)
  A jelly (D:5)
  2 orc wizards
  Ijyb (D:4)
  2 iguanas (D:4)
  3 worker ants (D:4)
  A worker ant zombie (D:5)
  5 gnolls
  9 adders
  A shadow imp (D:5)
  An ooze (D:2)
  2 worms (D:2)
  5 dart slugs
  6 leopard geckos
  8 orcs
  6 giant cockroaches
  6 goblins
  5 hobgoblins
  8 jackals
  3 quokkas
  10 bats
  9 frilled lizards
  A jackal skeleton (D:4)
  8 kobolds
  A quokka skeleton (D:4)
  8 rats
119 creatures vanquished.

Notes
Turn   | Place    | Note
-------+----------+-------------------------------------------
     0 | D:1      | Peterchen the Minotaur Berserker began the quest for the Orb.
     0 | D:1      | Reached XP level 1. HP: 19/19 MP: 0/0
   150 | D:1      | Reached skill level 4 in Axes
   162 | D:1      | Reached XP level 2. HP: 12/26 MP: 1/1
   254 | D:1      | Reached skill level 5 in Axes
   303 | D:1      | Reached XP level 3. HP: 18/31 MP: 2/2
   710 | D:2      | Reached ** piety under Trog
   942 | D:2      | Reached skill level 6 in Axes
   942 | D:2      | Reached XP level 4. HP: 39/39 MP: 3/3
  1126 | D:2      | Found a faded altar of an unknown god.
  1419 | D:3      | Reached *** piety under Trog
  1420 | D:3      | Reached skill level 7 in Axes
  1420 | D:3      | Reached XP level 5. HP: 29/45 MP: 4/4
  1555 | D:3      | Found a glowing golden altar of the Shining One.
  1555 | D:3      | Found a blossoming altar of Fedhas.
  1556 | D:3      | Found a basalt altar of Yredelemnul.
  1866 | D:4      | Reached skill level 8 in Axes
  1868 | D:4      | Reached XP level 6. HP: 46/51 MP: 5/5
  1927 | D:4      | Noticed Grinder
  1933 | D:4      | Killed Grinder
  1933 | D:4      | Reached skill level 9 in Axes
  1934 | D:4      | Reached XP level 7. HP: 57/57 MP: 6/6
  1962 | D:4      | Reached skill level 10 in Axes
  2397 | D:4      | Found a deep blue altar of Sif Muna.
  2461 | D:4      | Noticed Ijyb
  2472 | D:4      | Killed Ijyb
  2599 | D:4      | Reached **** piety under Trog
  2605 | D:4      | Found a sacrificial altar of Ru.
  2721 | D:5      | Entered Level 5 of the Dungeon
  2750 | D:5      | Found a glowing silver altar of Zin.
  2757 | D:5      | Reached skill level 11 in Axes
  2828 | D:5      | Found Xitzaung's Armour Boutique.
  2899 | D:5      | Reached XP level 8. HP: 57/64 MP: 7/7
  3025 | D:5      | Blown up by a centaur

Vault maps used:
D:1:      lemuel_arrival_muddy, supply_closet_lemuel, minmay_tree_intersection
D:2:      chequers_ecumenical_altar_simple_redux
D:3:      gammafunk_temple_overflow_claw, hex_medium
D:4:      marbit_many_paths, nicolae_ru_the_path_less_chosen, uniq_grinder,
          uniq_ijyb
D:5:      first_ration, serial_shops, nicolae_shop_stone, basic_altar

Skill      XL: |  1  2  3  4  5  6  7 |
---------------+----------------------+-----
Axes           | 4 5 6 7 8 9 11 | 11.6
Fighting       | |  3.6
Armour         | |  2.4
Dodging        | |  2.1

Action                   |  1- 3 |  4- 6 |  7- 9 || total
-------------------------+-------+-------+-------++-------
Melee: Hand axe          |    92 |    89 |       ||   181
       Headbutt          |    17 |    13 |    12 ||    42
       War axe           |       |    23 |    59 ||    82
Invok: Berserk           |     1 |     1 |     1 ||     3
       Trog's Hand       |       |       |     1 ||     1
  Use: Scroll            |       |     3 |       ||     3
       Potion            |       |       |     1 ||     1
  Eat: Chunk             |     1 |     3 |     5 ||     9
Armor: Animal skin       |     6 |       |       ||     6
       Ring mail         |    20 |       |       ||    20
       Scale mail        |    18 |    53 |    26 ||    97
Dodge: Dodged            |    76 |    71 |    53 ||   200

Table legend:
 A = Spawn XP
 B = Non-spawn XP
 C = Spawn XP percentage of total XP
 D = Spawn monster count
 E = Non-spawn monster count
 F = Spawn count percentage of total count
 G = Total turns spent on level
                    A         B        C        D         E        F      G
               +---------+---------+-------+---------+---------+-------+---------
         Total |       0 |    1503 |   0.0 |       0 |     119 |   0.0 |  3025
               +---------+---------+-------+---------+---------+-------+---------
           D:1 |       0 |      57 |   0.0 |       0 |      21 |   0.0 |   658
           D:2 |       0 |      65 |   0.0 |       0 |      26 |   0.0 |   604
           D:3 |       0 |     164 |   0.0 |       0 |      32 |   0.0 |   591
           D:4 |       0 |     791 |   0.0 |       0 |      29 |   0.0 |   868
           D:5 |       0 |     426 |   0.0 |       0 |      11 |   0.0 |   304
               +---------+---------+-------+---------+---------+-------+---------
